 Dungeon Crawl Stone Soup version 0.20.1-1-g8b1a95d (webtiles) character file.

131 Linguinho the Vandal (level 5, -4/35 HPs)
             Began as a Halfling Hunter on Nov 1, 2017.
             Shot with an arrow by a centaur (7 damage)
             ... on level 3 of the Dungeon.
             The game lasted 00:07:30 (2326 turns).

Linguinho the Vandal (Halfling Hunter)              Turns: 2326, Time: 00:07:30

Health: -4/35      AC:  3    Str: 13    XL:     5   Next: 37%
Magic:  5/5        EV: 15    Int:  9    God:
Gold:   134        SH:  0    Dex: 16    Spells: 4/4 levels left

rFire    . . .     SeeInvis .   a - +1 hunting sling
rCold    . . .     Gourm    .   (shield restricted)
rNeg     . . .     Faith    .   c - +0 leather armour
rPois    .         Spirit   .   (no helmet)
rElec    .         Reflect  .   (no cloak)
rCorr    .         Harm     .   (no gloves)
MR       .....                  (no boots)
Stlth    ++........             (no amulet)
Regen    0.2/turn               (no ring)
MPRegen  0.1/turn               (no ring)

@: no status effects
A: mutation resistance 1
a: no special abilities


You were on level 3 of the Dungeon.
You were not hungry.

You visited 1 branch of the dungeon, and saw 3 of its levels.

You collected 134 gold pieces.

Inventory:

Hand Weapons
 a - a +1 hunting sling (weapon)
 b - a +0 short sword
Missiles
 d - 34 sling bullets
 l - 71 stones (quivered)
Armour
 c - a +0 leather armour (worn)
 h - a +0 scale mail of poison resistance
Jewellery
 k - a +2 ring of intelligence {unknown}
 q - a +3 ring of intelligence {unknown}
 u - a +4 ring of protection {unknown}
Scrolls
 i - a scroll of noise {unknown}
 m - 4 scrolls of identify {unknown}
 p - 2 scrolls of immolation {unknown}
 s - a scroll of teleportation {unknown}
 t - a scroll of enchant weapon {unknown}
 x - a scroll of random uselessness {unknown}
 y - a scroll of remove curse {unknown}
Potions
 e - a potion of lignification {unknown}
 g - 2 potions of degeneration {unknown}
 j - 3 potions of curing {unknown}
 n - a potion of might {unknown}
 o - a potion of flight {unknown}
 w - 3 potions of magic {unknown}
Comestibles
 f - a bread ration
 r - a meat ration
 v - 2 royal jellies
 z - 2 chunks of flesh


   Skills:
 + Level 2.5 Fighting
 + Level 2.0 Short Blades
 + Level 7.7 Slings
 + Level 0.9 Armour
 + Level 2.4 Dodging
 + Level 1.2 Stealth


You had 4 spell levels left.
You didn't know any spells.

Dungeon Overview and Level Annotations

Branches:
Dungeon (3/15)

Altars:
Nemelex Xobeh
Ru


Innate Abilities, Weirdness & Mutations

You are small and have problems with some larger weapons.
You are somewhat resistant to further mutation.


Message History

You kill the hound!
Your Short Blades skill increases to level 2!
Firing (i - inventory. (,) - cycle):
l - 72 stones (quivered)
Press: ? - help, Shift-Dir - straight line, f - centaur
Aim: a centaur, wielding a shortbow (lightly wounded)
You shoot a stone. The stone hits the centaur.
The centaur is moderately wounded.
The centaur unwields an uncursed shortbow.
The centaur hits you. The centaur hits you!
* * * LOW HITPOINT WARNING * * *
You see here a hunting sling.
The centaur wields an uncursed shortbow.
The centaur shoots an arrow.
The arrow misses you.
The centaur shoots an arrow.
The arrow hits you!
* * * LOW HITPOINT WARNING * * *
The centaur shoots an arrow.
The arrow barely misses you.
You see here 2 arrows.
The centaur shoots an arrow.
The arrow hits you!
You die...

#.#.# #.#.# #.#.# . #.#.# ..
#.#.## ### ... ###..†.####
#.. ....
##.........#####.##.....
#..###.###...........$..
#..#....(#..## #@# .(
#..#.....#..# #(# ..
#..........# #.# .#
#..#..>..#.# #.####l#
#..#.....#.# #.c.l#c#
#..###.###.########(#(#####.
#..................#(.......
#............[#####.#.......
###########...# #.#####.##


You could see a centaur.

Vanquished Creatures
  A hound (D:3)
  A gnoll (D:1)
  2 adders (D:2)
  2 worms
  3 dart slugs
  3 leopard geckos
  3 ball pythons
  4 giant cockroaches
  5 goblins
  9 hobgoblins
  2 jackals (D:2)
  7 kobolds
  9 bats
  2 frilled lizards
  8 rats
61 creatures vanquished.

Notes
Turn   | Place    | Note
-------+----------+-------------------------------------------
     0 | D:1      | Linguinho the Halfling Hunter began the quest for the Orb.
     0 | D:1      | Reached XP level 1. HP: 14/14 MP: 1/1
    35 | D:1      | Reached skill level 6 in Slings
    86 | D:1      | Found a sparkling altar of Nemelex Xobeh.
   150 | D:1      | Reached XP level 2. HP: 19/19 MP: 2/2
   238 | D:1      | Reached XP level 3. HP: 24/24 MP: 3/3
   929 | D:2      | Reached skill level 7 in Slings
   929 | D:2      | Reached XP level 4. HP: 29/29 MP: 4/4
   942 | D:2      | Reached skill level 1 in Short Blades
  1686 | D:2      | Found a faded altar of an unknown god.
  2107 | D:3      | Found a sacrificial altar of Ru.
  2222 | D:3      | Reached XP level 5. HP: 35/35 MP: 5/5
  2306 | D:3      | Noticed a centaur
  2326 | D:3      | Shot with an arrow by a centaur

Skill      XL: |  1  2  3  4  5 |
---------------+----------------+-----
Slings         | 6 7 |  7.7
Fighting       | 2 |  2.5
Short Blades   | 1 2 |  2.0
Armour         | |  0.9
Dodging        | |  2.4
Stealth        | |  1.2

Action                   |  1- 3 |  4- 6 || total
-------------------------+-------+-------++-------
Melee: Short sword       |    27 |    60 ||    87
 Fire: Hunting sling     |    38 |   100 ||   138
 Stab: Sleeping          |     1 |       ||     1
  Eat: Chunk             |       |     4 ||     4
Armor: Leather armour    |    12 |    11 ||    23
Dodge: Dodged            |    23 |    62 ||    85
